 Dungeon Crawl Stone Soup version 0.21-a0-578-gc6e9d75 (webtiles) character file.

124 tof the Poker (level 4, 0/35 HPs)
             Began as a Demonspawn Gladiator on Dec 18, 2017.
             Slain by an orc (3 damage)
             ... on level 4 of the Dungeon.
             The game lasted 00:04:19 (3055 turns).

tof the Poker (Demonspawn Gladiator)                Turns: 3055, Time: 00:04:19

Health: 0/35       AC:  3    Str: 14    XL:     4   Next: 81%
Magic:  4/4        EV: 13    Int:  9    God:
Gold:   112        SH:  0    Dex: 16    Spells: 3/3 levels left

rFire    . . .     SeeInvis .   a - +0 trident
rCold    . . .     Gourm    .   (no shield)
rNeg     . . .     Faith    .   b - +0 leather armour
rPois    .         Spirit   .   (helmet restricted)
rElec    .         Reflect  .   (no cloak)
rCorr    .         Harm     .   (no gloves)
MR       .....                  (no boots)
Stlth    +.........             (no amulet)
HPRegen  0.11/turn              (no ring)
MPRegen  0.09/turn              (no ring)

@: no status effects
A: horns 2, powered by pain 1
a: no special abilities


You were on level 4 of the Dungeon.
You were hungry.

You visited 1 branch of the dungeon, and saw 4 of its levels.

You collected 112 gold pieces.

Inventory:

Hand Weapons
 a - a +0 trident (weapon)
Missiles
 d - 3 throwing nets
 s - 27 stones (quivered)
Armour
 b - a +0 leather armour (worn)
 c - a +0 helmet
Jewellery
 p - an uncursed ring of protection from fire {unknown}
Scrolls
 e - a scroll of noise {unknown}
 g - a scroll of teleportation {unknown}
 h - 6 scrolls of identify {unknown}
 l - a scroll of enchant armour {unknown}
 m - 2 scrolls of remove curse {unknown}
 n - 2 scrolls of amnesia {unknown}
 o - a scroll of magic mapping {unknown}
 r - a scroll of fog {unknown}
 t - a scroll of random uselessness {unknown}
Potions
 i - a potion of agility {unknown}
 j - a potion of haste {unknown}
 k - 2 potions of brilliance {unknown}
Comestibles
 f - 2 rations


   Skills:
 + Level 3.0 Fighting
 * Level 4.0 Polearms
 - Level 1.7 Throwing
 + Level 1.8 Armour
 - Level 2.6 Dodging


You had 3 spell levels left.
You didn't know any spells.

Dungeon Overview and Level Annotations

Branches:
Dungeon (4/15)
 Temple: D:4-7

Altars:
Qazlal
The Shining One

Annotations:
D:3 Statics's ghost, amateur GnWn


Innate Abilities, Weirdness & Mutations

You have a pair of horns on your head.
You sometimes gain a little power by taking damage.


Message History

The leopard gecko bites you. The orc hits you. The orc hits you with a club.
* * * LOW HITPOINT WARNING * * *
An orc priest comes into view.
You barely miss the leopard gecko. The leopard gecko misses you.
The orc hits you.
* * * LOW HITPOINT WARNING * * *
The orc misses you. The leopard gecko barely misses you.
You miss the leopard gecko. The orc hits you but does no damage.
The leopard gecko closely misses you. The orc hits you with a club.
* * * LOW HITPOINT WARNING * * *
An orc comes into view. It is wielding a trident of venom.
You barely miss the leopard gecko.
The orc shouts!
The orc barely misses you. The leopard gecko barely misses you.
The orc completely misses you.
An iguana comes into view.
The leopard gecko bites you.
* * * LOW HITPOINT WARNING * * *
The orc hits you.
You die...

###...l..##.. ......o......
............ . ........o. ..
.........## ...# ######......(#
.... #...........o## ..[.
#..........ol.# ##..
##...........o@# ....
##.........#....# ....
##..........+....# ....
#...........##...# ##..
.....###........... ...
.......'.........#.# #.#
.......#.........#.# +## #.#
.......#.........#......... #..
####...#######.............####..


You could see an orc warrior, an orc priest, 3 orcs and a leopard gecko.

Vanquished Creatures
  6 adders
  An ooze (D:1)
  A worm (D:2)
  2 dart slugs (D:1)
  A leopard gecko (D:2)
  2 orcs (D:4)
  A ball python (D:1)
  9 giant cockroaches
  5 goblins
  4 hobgoblins
  9 kobolds
  7 bats
  3 frilled lizards
  8 rats
59 creatures vanquished.

Notes
Turn   | Place    | Note
-------+----------+-------------------------------------------
     0 | D:1      | tof the Demonspawn Gladiator began the quest for the Orb.
     0 | D:1      | Reached XP level 1. HP: 16/16 MP: 1/1
   212 | D:1      | Reached skill level 3 in Polearms
   217 | D:1      | Gained mutation: You have a pair of small horns on your head. [demonic ancestry]
   217 | D:1      | Reached XP level 2. HP: 19/22 MP: 2/2
   622 | D:1      | Reached skill level 1 in Armour
   656 | D:1      | Gained mutation: You have a pair of horns on your head. [demonic ancestry]
   656 | D:1      | Reached XP level 3. HP: 28/28 MP: 3/3
  1523 | D:2      | Gained mutation: You sometimes gain a little power by taking damage. [demonic ancestry]
  1523 | D:2      | Reached XP level 4. HP: 24/34 MP: 4/4
  2022 | D:2      | Found a glowing golden altar of the Shining One.
  2029 | D:2      | Found a stormy altar of Qazlal.
  2667 | D:2      | Reached skill level 4 in Polearms
  2805 | D:3      | Noticed Statics's ghost (amateur GnWn)
  3048 | D:4      | Noticed an orc warrior
  3055 | D:4      | Slain by an orc

Vault maps used:
D:1:      dpeg_arrival_radiant, serial_bayou_pond_b
D:2:      grunt_temple_overflow_open
D:4:      nicolae_ashenzari_panopticon, first_ration, minmay_fountain_box

Skill      XL: |  1  2  3  4 |
---------------+-------------+-----
Polearms       | 3 4 |  4.0
Armour         | 1 |  1.8
Fighting       | 3 |  3.0
Throwing       | |  1.7
Dodging        | |  2.6

Action                   |  1- 3 |  4- 6 || total
-------------------------+-------+-------++-------
Melee: Trident           |   120 |    68 ||   188
       Headbutt          |    12 |     8 ||    20
Throw: Stone             |       |     9 ||     9
       Throwing net      |       |     1 ||     1
 Stab: Sleeping          |     3 |     2 ||     5
  Eat: Chunk             |     2 |     4 ||     6
Armor: Leather armour    |    32 |    10 ||    42
Dodge: Dodged            |    61 |    65 ||   126

Table legend:
 A = Spawn XP
 B = Non-spawn XP
 C = Spawn XP percentage of total XP
 D = Spawn monster count
 E = Non-spawn monster count
 F = Spawn count percentage of total count
 G = Total turns spent on level
                    A         B        C        D         E        F      G
               +---------+---------+-------+---------+---------+-------+---------
         Total |       0 |     178 |   0.0 |       0 |      59 |   0.0 |  3055
               +---------+---------+-------+---------+---------+-------+---------
           D:1 |       0 |      59 |   0.0 |       0 |      33 |   0.0 |  1464
           D:2 |       0 |      98 |   0.0 |       0 |      22 |   0.0 |  1315
           D:3 |       0 |       2 |   0.0 |       0 |       1 |   0.0 |    79
           D:4 |       0 |      19 |   0.0 |       0 |       3 |   0.0 |   197
               +---------+---------+-------+---------+---------+-------+---------
